 Dungeon Crawl Stone Soup version 0.29.1-15-g9cfb28693d (webtiles) character file.

Game seed: 11584373807180175657

42 Mickster the Shield-Bearer (level 3, -10/31 HPs)
             Began as a Demigod Fighter on Mar 2, 2023.
             Mangled by an ogre
             ... wielding a +0 giant spiked club
              (17 damage)
             ... on level 4 of the Dungeon.
             The game lasted 00:07:31 (514 turns).

Mickster the Shield-Bearer (Demigod Fighter)         Turns: 514, Time: 00:07:32

Health: -10/31     AC:  7    Str: 21    XL:     3   Next: 17%
Magic:  5/5        EV:  9    Int: 10    God:
Gold:   38         SH:  4    Dex: 13    Spells: 2/2 levels left

rFire   . . .      SeeInvis .   a - +0 war axe
rCold   . . .      Faith    .   c - +0 buckler
rNeg    . . .      Spirit   .   b - +0 scale mail
rPois   .          Reflect  .   (no helmet)
rElec   .          Harm     .   (no cloak)
rCorr   .          Rampage  .   (no gloves)
Will    .....                   e - +0 pair of boots
Stlth   ..........              (no amulet)
HPRegen 0.10/turn               (no ring)
MPRegen 0.09/turn               (no ring)

@: no status effects
A: high MP 1, forlorn, divine attributes
a: no special abilities


You were on level 4 of the Dungeon.
You visited 1 branch of the dungeon, and saw 3 of its levels.

You collected 38 gold pieces.

Inventory:

Hand Weapons
 a - a +0 war axe (weapon)
 g - a +0 spear
 i - a +0 flail
Missiles
 f - 6 stones (quivered)
Armour
 b - a +0 scale mail (worn)
 c - a +0 buckler (worn)
 e - a +0 pair of boots (worn)
 j - a +0 ring mail
Scrolls
 h - 2 scrolls of teleportation
Potions
 d - a potion of might


   Skills:
 + Level 3.0 Fighting
 + Level 2.1 Axes
 + Level 3.0 Armour
 + Level 3.2 Shields


You had 2 spell levels left.
You didn't know any spells.
Your spell library was empty.

Dungeon Overview and Level Annotations

Branches:
Dungeon (2/15)


Innate Abilities, Weirdness & Mutations

You have an increased reservoir of magic. (+10% MP)
You shall have no god before yourself.
Your divine heritage dramatically boosts your attributes as you level up.


Message History

Found a cloak.
A sourceless malevolence fills the Dungeon...
You fall into a shaft and drop 2 floors!
The shaft crumbles and collapses.
Found a stone staircase leading down.
An endoplasm comes into view.
The endoplasm quivers.
An ogre comes into view. It is wielding a +0 giant spiked club.
The ogre shouts!
You block the endoplasm's attack.
You slash the endoplasm!
You kill the endoplasm!
Throw: 9 stones
Press: ? - help, Q - select action Shift-Dir - straight line, f - ogre
Aim: an ogre, wielding a +0 giant spiked club (73% to hit)
You throw a stone. The stone hits the ogre.
The ogre is lightly wounded.
Throw: 8 stones
Press: ? - help, Q - select action Shift-Dir - straight line, f/p - ogre
Aim: an ogre, wielding a +0 giant spiked club (lightly wounded, 73% to hit)
You throw a stone.
The stone hits the ogre but does no damage.
The ogre is lightly wounded.
Throw: 7 stones
Press: ? - help, Q - select action Shift-Dir - straight line, f/p - ogre
Aim: an ogre, wielding a +0 giant spiked club (lightly wounded, 73% to hit)
You throw a stone. The stone closely misses the ogre.
The ogre hits you with a +0 giant spiked club!
You slash the ogre!
The ogre is moderately wounded.
The ogre barely misses you.
You barely miss the ogre.
The ogre is moderately wounded.
The ogre hits you with a +0 giant spiked club!
* * * LOW HITPOINT WARNING * * *
You hit the ogre.
The ogre is heavily wounded.
The ogre hits you with a +0 giant spiked club!
Ouch! That really hurt!
You die...

#############
#....#.......
#....@O..#
#....#...#
#....#...#
#....#...#
###.##...#
#.# ...# .>.
....
#########


You could see an ogre.

Vanquished Creatures
  Terence (D:2)
  A ball python (D:2)
  3 endoplasms
  A goblin (D:2)
  A hobgoblin (D:1)
  3 bats (D:1)
  A frilled lizard (D:1)
  4 kobolds
  2 rats
17 creatures vanquished.

Notes
Turn   | Place    | Note
-------+----------+-------------------------------------------
     0 | D:1      | Mickster the Demigod Fighter began the quest for the Orb.
     0 | D:1      | Reached XP level 1. HP: 18/18 MP: 3/3
   250 | D:1      | Reached XP level 2. HP: 24/25 MP: 4/4
   296 | D:2      | Noticed Terence
   303 | D:2      | Killed Terence
   304 | D:2      | Reached XP level 3. HP: 23/31 MP: 5/5
   500 | D:2      | You fall into a shaft and drop 2 floors!
   506 | D:4      | Noticed an ogre
   514 | D:4      | Mangled by an ogre

Illustrated notes

Levels and vault maps discovered:
D:1:      co_arrival_random_square_maze, layout_loops_ring,
          hellmonk_ecumenical_altar_run_dry
D:2:      layout_basic, minmay_misc_feat_columns, serial_park_tiny_2,
          uniq_terence
D:4:      layout_basic, amcnicky_altar_gilded, uniq_menkaure

Skill      XL: |  1  2 |
---------------+-------+-----
Fighting       | 3 |  3.0
Axes           | 2 |  2.1
Armour         | 3 |  3.0
Shields        | 3 |  3.2

Action                   || total
-------------------------++-------
Melee: War axe           ||    44
Throw: Stone             ||     3
  Use: Scroll            ||     1
       Potion            ||     1
Armor: Scale mail        ||    37
Dodge: Dodged            ||    33
Block: Buckler           ||    18
